 Dungeon Crawl Stone Soup version 0.23-a0-586-gacb4b3f (webtiles) character file.

72 galech the Skirmisher (level 4, 35/35 HPs)
             Began as a Demonspawn Fighter on Dec 19, 2018.
             Quit the game on level 3 of the Dungeon.
             The game lasted 00:01:40 (1864 turns).

galech the Skirmisher (Demonspawn Fighter)          Turns: 1864, Time: 00:01:41

Health: 35/35      AC:  8    Str: 16    XL:     4   Next: 7%
Magic:  4/4        EV:  7    Int: 10    God:
Gold:   82         SH:  9    Dex: 13    Spells: 3/3 levels left

rFire    . . .     SeeInvis .   a - +0 war axe
rCold    . . .     Gourm    .   c - +0 shield
rNeg     . . .     Faith    .   b - +0 scale mail
rPois    .         Spirit   .   (helmet restricted)
rElec    .         Reflect  .   q - +1 cloak
rCorr    .         Harm     .   (no gloves)
MR       +....                  (no boots)
Stlth    +.........             (no amulet)
HPRegen  0.11/turn              p - ring of protection from magic
MPRegen  0.09/turn              (no ring)

@: no status effects
A: antennae 1, nightstalker 1
a: no special abilities


You were on level 3 of the Dungeon.
You were not hungry.

You visited 1 branch of the dungeon, and saw 3 of its levels.

You collected 82 gold pieces.

Inventory:

Hand Weapons
 a - a +0 war axe (weapon)
Armour
 b - a +0 scale mail (worn)
 c - a +0 shield (worn)
 q - a +1 cloak (worn)
Jewellery
 p - a ring of protection from magic (left hand)
Scrolls
 e - 5 scrolls of identify {unknown}
 h - a scroll of noise {unknown}
 i - a scroll of amnesia {unknown}
 n - a scroll of enchant weapon {unknown}
 r - a scroll of immolation {unknown}
 t - a scroll of enchant armour {unknown}
Potions
 d - a potion of might
 g - a potion of lignification {unknown}
 j - a potion of magic {unknown}
 k - a potion of heal wounds {unknown}
 l - a potion of curing {unknown}
 m - 2 potions of flight {unknown}
 o - 2 potions of resistance {unknown}
Comestibles
 f - 6 rations
 s - 2 chunks of flesh


   Skills:
 + Level 3.2 Fighting
 + Level 2.7 Axes
 + Level 3.1 Armour
 + Level 1.2 Dodging
 + Level 3.0 Shields


You had 3 spell levels left.
You didn't know any spells.
Your spell library was empty.

Dungeon Overview and Level Annotations

Branches:
Dungeon (3/15)

Altars:
Cheibriados
Sif Muna


Innate Abilities, Weirdness & Mutations

You have a pair of small antennae on your head.
You are slightly more attuned to the shadows.


Message History

You kill the kobold!
The rat bites you but does no damage. The rat barely misses you.
You closely miss the rat.
The rat bites you but does no damage. x2
You slash the rat!
You kill the rat!
No target in view!
No target in view!
No target in view!
No target in view!
No target in view!
No target in view!
No target in view!
No target in view!
No target in view!
No target in view!
No target in view!
No target in view!
No target in view!
No target in view!
Are you sure you want to abandon this character and quit the game? (Confirm

#.#### .#
.....# ...
###..%.#..#
......#..#
#........#
.. #.#......
##.##.....#
.......<..#
......@...#
#.##..)...#
#.........
....#.######
####.#.#
#.#.. #.###


There were no monsters in sight!

Vanquished Creatures
  An adder (D:2)
  2 oozes (D:2)
  A worm (D:2)
  A dart slug (D:2)
  2 leopard geckos
  3 giant cockroaches
  8 goblins
  8 hobgoblins
  A quokka (D:2)
  2 ball pythons (D:1)
  3 bats (D:1)
  4 frilled lizards
  5 kobolds
  6 rats
47 creatures vanquished.

Notes
Turn   | Place    | Note
-------+----------+-------------------------------------------
     0 | D:1      | galech the Demonspawn Fighter began the quest for the Orb.
     0 | D:1      | Reached XP level 1. HP: 18/18 MP: 1/1
   265 | D:1      | Gained mutation: You have a pair of small antennae on your
                  | head. [demonic ancestry]
   265 | D:1      | Reached XP level 2. HP: 19/24 MP: 2/2
   805 | D:2      | Reached skill level 1 in Dodging
   805 | D:2      | Reached XP level 3. HP: 20/29 MP: 3/3
  1707 | D:2      | Found a snail-covered altar of Cheibriados.
  1708 | D:2      | Found a deep blue altar of Sif Muna.
  1855 | D:3      | Gained mutation: You are slightly more attuned to the
                  | shadows. [demonic ancestry]
  1855 | D:3      | Reached XP level 4. HP: 35/35 MP: 4/4
  1864 | D:3      | Quit the game

Vault maps used:
D:1:      matt_arrival_los_fun, serial_bayou_crossing
D:2:      gammafunk_temple_overflow_statue, serial_forest,
          infiniplex_forest_straight_4, infiniplex_forest_end_double,
          infiniplex_forest_clump_diagonal, infiniplex_forest_lined_3_way,
          infiniplex_forest_lined_3, minmay_diced_spiral
D:3:      zin_scriptorium, first_ration, gammafunk_ghost_grave,
          minmay_misc_feat_encased

Skill      XL: |  1  2  3 |
---------------+----------+-----
Armour         | 3 |  3.1
Axes           | 2 |  2.7
Dodging        | 1 |  1.2
Shields        | 3 |  3.0
Fighting       | |  3.2

Action                   |  1- 3 |  4- 6 || total
-------------------------+-------+-------++-------
Melee: War axe           |   143 |     6 ||   149
  Eat: Chunk             |     3 |       ||     3
Armor: Scale mail        |    67 |     3 ||    70
Dodge: Dodged            |    47 |     3 ||    50
Block: Shield            |    72 |     2 ||    74

Table legend:
 A = Non-vault XP
 B = Vault XP
 C = Vault XP percentage of total XP
 D = Non-vault monster count
 E = Vault monster count
 F = Vault count percentage of total count
                 A         B        C        D         E       F
            +---------+---------+-------+---------+---------+-------
      Total |      90 |      14 |  13.5 |      40 |       7 |  14.9
            +---------+---------+-------+---------+---------+-------
        D:1 |      26 |       0 |   0.0 |      18 |       0 |   0.0
        D:2 |      56 |      14 |  20.0 |      17 |       7 |  29.2
        D:3 |       8 |       0 |   0.0 |       5 |       0 |   0.0
            +---------+---------+-------+---------+---------+-------
